 Dungeon Crawl Stone Soup version 0.26-a0-712-ga5a9c9c9d0 (webtiles) character file.

Game seed: 16199904335364058475

(classic levelgen) 1367 EnegeticOcto the Chopper (level 8, 28/73 HPs)
             Began as a Deep Dwarf Fighter on Nov 4, 2020.
             Quit the game on level 6 of the Dungeon.
             The game lasted 00:01:23 (1893 turns).

EnegeticOcto the Chopper (Deep Dwarf Fighter)       Turns: 1893, Time: 00:01:23

Health: 28/73      AC:  6    Str: 22    XL:     8   Next: 38%
Magic:  6/6        EV:  7    Int:  9    God:
Gold:   235        SH:  9    Dex: 12    Spells: 7/7 levels left

rFire    . . .     SeeInvis .   a - +0 war axe
rCold    . . .     Faith    .   c - +0 kite shield
rNeg     . . .     Spirit   .   b - +0 scale mail
rPois    .         Reflect  .   (no helmet)
rElec    .         Harm     .   (no cloak)
rCorr    .         Rampage  .   (no gloves)
MR       +....                  (no boots)
Stlth    ..........             (no amulet)
HPRegen  0.00/turn              (no ring)
MPRegen  0.10/turn              (no ring)

@: mildly poisoned (28 -> 28), non-regenerating, very heavily drained
A: damage resistance, heal wounds, sense surroundings 1, no regeneration
a: Heal Wounds


You were on level 6 of the Dungeon.
You visited 1 branch of the dungeon, and saw 6 of its levels.

You collected 235 gold pieces.

Inventory:

Hand Weapons
 a - a +0 war axe (weapon)
Armour
 b - a +0 scale mail (worn)
 c - a +0 kite shield (worn)
Jewellery
 r - an uncursed ring of fire
Wands
 t - a wand of enslavement (13)
Scrolls
 e - 2 scrolls of identify {unknown}
 f - 5 scrolls of teleportation {unknown}
 h - 2 scrolls of fog {unknown}
 i - 2 scrolls of blinking {unknown}
 m - 3 scrolls of fear {unknown}
 o - a scroll of amnesia {unknown}
 q - a scroll of enchant armour {unknown}
 s - a scroll of magic mapping {unknown}
Potions
 d - a potion of might {@q3}
 g - a potion of ambrosia {unknown}
 j - a potion of stabbing {unknown}
 k - a potion of flight {unknown}
 l - 3 potions of brilliance {unknown}
 n - a potion of cancellation {unknown}
 p - 2 potions of curing {unknown}


   Skills:
 + Level 4.9(1.6) Fighting
 * Level 7.4(3.8) Axes
 + Level 6.0(2.5) Armour
 + Level 6.0(2.5) Shields


You had 7 spell levels left.
You didn't know any spells.
Your spell library was empty.

Dungeon Overview and Level Annotations

Branches:
Dungeon (6/15)
 Temple: D:4-7

Altars:
Dithmenos
Elyvilon
Gozag
Ru


Innate Abilities, Weirdness & Mutations

You are resistant to damage.
You can heal yourself by infusing magical energy.
You passively map a small area around you.
You do not regenerate.


Message History

The ogre is almost dead.
The ogre hits you with a +0 giant club!
* * * LOW HITPOINT WARNING * * *
You are too injured to fight recklessly!
You are too injured to fight recklessly!
You are too injured to fight recklessly!
You are too injured to fight recklessly!
You are too injured to fight recklessly!
You are too injured to fight recklessly!
You are too injured to fight recklessly!
You are too injured to fight recklessly!
You are too injured to fight recklessly!
Your magical essence is drained by the effort!
You feel much better. The ogre hits you with a +0 giant club!
* * * LOW HITPOINT WARNING * * *
There are monsters nearby!
You are too injured to fight recklessly!
You are too injured to fight recklessly!
You are too injured to fight recklessly!
You are too injured to fight recklessly!
You are too injured to fight recklessly!
You feel much better.
You slash the ogre!
You kill the ogre!
Your base Armour skill increases to level 6!
Your base Shields skill increases to level 6!
The centaur zombie hits you but does no damage.
You slash the centaur zombie!
The centaur zombie is heavily damaged.
You block the centaur zombie's attack. The centaur zombie barely misses you.
You hit the centaur zombie but do no damage.
The centaur zombie is heavily damaged.
The centaur zombie hits you but does no damage.
The centaur zombie hits you.
You slash the centaur zombie!
The centaur zombie is severely damaged.
The centaur zombie barely misses you. x2
You slash the centaur zombie!
You destroy the centaur zombie!
No target in view!
No target in view!
No target in view!
No target in view!
No target in view!
No target in view!
No target in view!
No target in view!
No target in view!
No target in view!
No target in view!
You see here a +0 giant club.
Found a stone staircase leading up.
You now have 235 gold pieces (gained 7).
Found a stone staircase leading down.
You feel much better.
There is a stone staircase leading down here.
A scorpion comes into view.
A scorpion is nearby!
A scorpion is nearby!
A scorpion is nearby!
Found a stone staircase leading down.
The scorpion stings you.
You hit the scorpion but do no damage. The scorpion barely misses you.
You barely miss the scorpion. You block the scorpion's attack.
The scorpion stings you but does no damage.
You hit the scorpion but do no damage. The scorpion stings you!
You are poisoned.
The scorpion poisons you!
You hit the scorpion.
The scorpion is lightly wounded.
The scorpion stings you.
You slash the scorpion!
The scorpion is heavily wounded.
You block the scorpion's attack. x2
You hit the scorpion.
The scorpion is severely wounded.
You block the scorpion's attack.
Your shield and scale mail prevent you from hitting the scorpion.
The scorpion is severely wounded.
The scorpion stings you. You block the scorpion's attack.
Your shield prevents you from hitting the scorpion.
The scorpion is severely wounded.
The scorpion stings you but does no damage.
You hit the scorpion but do no damage.
The scorpion is severely wounded.
The scorpion stings you but does no damage.
You completely miss the scorpion.
The scorpion is severely wounded.
You block the scorpion's attack. The scorpion stings you!
You are more poisoned.
The scorpion poisons you!
You are too injured to fight recklessly!
A scorpion is nearby!
A scorpion is nearby!
A scorpion is nearby!
A scorpion is nearby!
A scorpion is nearby!
A scorpion is nearby!
You are too injured to fight recklessly!
Are you sure you want to abandon this character and quit the game? (Confirm with "yes".)

#.# #.# , *
#####.###.######.*
*
#...........<..>.
,
#.###.######.#..#*
, #.# #.# #.#..#
#.###.# .#..###* ,
#.....# * ..... ,
###.### * #s.#* *
, #.######## #@.#
, #.##...>.# #..#
#.##.###.###..#
#.##.# #......#
#....###.###.##
#.##.....###.#
#............#
##############


You could see a scorpion.

Vanquished Creatures
  A sky beast (D:5)
  An ice beast (D:5)
  3 ogres
  2 centaurs (D:5)
  2 big kobolds (D:6)
  A howler monkey (D:4)
  A centaur zombie (D:6)
  A bullfrog skeleton (D:5)
  A centaur skeleton (D:5)
  3 jellies (D:5)
  2 orc priests
  An iguana (D:6)
  Jessica (D:2)
  5 worker ants (D:4)
  A worker ant zombie (D:5)
  4 gnolls (D:3)
  3 adders (D:5)
  3 white imps
  2 oozes
  A worm (D:3)
  3 leopard geckos (D:5)
  11 orcs
  A ball python (D:4)
  A bat (D:1)
  6 giant cockroaches
  5 hobgoblins
  4 jackals (D:2)
  10 kobolds
  A quokka (D:5)
  2 frilled lizards (D:4)
  A jackal zombie (D:5)
  2 rats
86 creatures vanquished.

Notes
Turn   | Place    | Note
-------+----------+-------------------------------------------
     0 | D:1      | EnegeticOcto the Deep Dwarf Fighter began the quest for the
                  | Orb.
     0 | D:1      | Reached XP level 1. HP: 20/20 MP: 1/1
     0 | D:1      | Noticed a purple draconian
     0 | D:1      | Noticed a tentacled monstrosity
     3 | D:1      | Noticed an iron dragon
     3 | D:1      | Noticed an ice dragon
     6 | D:1      | Noticed a large abomination
     7 | D:1      | Noticed an orb of fire
     8 | D:1      | Noticed a tentacled monstrosity
    10 | D:1      | Noticed a large abomination
    10 | D:1      | Noticed a large abomination
    12 | D:1      | Noticed a large abomination
    12 | D:1      | Noticed an ice dragon
    13 | D:1      | Noticed an ice dragon
    14 | D:1      | Noticed a shadow dragon
    16 | D:1      | Noticed an ice dragon
    16 | D:1      | Noticed an orb of fire
    16 | D:1      | Noticed a black draconian
    18 | D:1      | Noticed a large abomination
    20 | D:1      | Noticed a green draconian
    78 | D:1      | Reached XP level 2. HP: 27/27 MP: 2/2
   301 | D:2      | Noticed Jessica
   308 | D:2      | Killed Jessica
   308 | D:2      | Reached skill level 3 in Axes
   308 | D:2      | Reached XP level 3. HP: 34/34 MP: 3/3
   370 | D:3      | Reached XP level 4. HP: 35/42 MP: 4/4
   405 | D:4      | Reached skill level 4 in Axes
   405 | D:4      | Reached XP level 5. HP: 39/49 MP: 5/5
   558 | D:4      | Reached XP level 6. HP: 32/56 MP: 6/6
   856 | D:5      | Entered Level 5 of the Dungeon
   967 | D:5      | Reached skill level 5 in Axes
  1011 | D:5      | Reached XP level 7. HP: 36/64 MP: 7/7
  1075 | D:5      | Found an opulent altar of Gozag.
  1110 | D:5      | Reached skill level 5 in Shields
  1116 | D:5      | Reached skill level 5 in Armour
  1147 | D:5      | Reached skill level 6 in Axes
  1634 | D:6      | Reached XP level 8. HP: 63/73 MP: 7/7
  1646 | D:6      | Reached skill level 7 in Axes
  1737 | D:6      | Found a white marble altar of Elyvilon.
  1793 | D:6      | Found a shadowy altar of Dithmenos.
  1800 | D:6      | Found a sacrificial altar of Ru.
  1893 | D:6      | Quit the game

Illustrated notes

Levels and vault maps discovered:
D:1:      shiori_arrival_whats_in_store_for_you, layout_basic
D:2:      layout_basic, minivault_4, uniq_jessica, uniq_sigmund
D:3:      layout_loops_corners, portal_sewer_entry_e
D:4:      layout_cave_pools
D:5:      layout_basic, lemuel_round_altar, minivault_4, wad_rectangle_vault
D:6:      cheibrodos_thug_alley, layout_loops_ring, lemuel_crystal_altar,
          gammafunk_temple_overflow_statue, minmay_temple_entry_proselytizer,
          uniq_maggie

Skill      XL: |  1  2  3  4  5  6  7  8 |
---------------+-------------------------+-----
Fighting       | 3 4 |  4.9
Axes           | 3 4 5 6 7 |  7.4
Shields        | 4 5 6 |  6.0
Armour         | 4 5 6 |  6.0

Action                   |  1- 3 |  4- 6 |  7- 9 || total
-------------------------+-------+-------+-------++-------
Melee: War axe           |    60 |    90 |   157 ||   307
 Abil: Heal Wounds       |     1 |     4 |     9 ||    14
Armor: Scale mail        |    27 |    42 |    67 ||   136
Dodge: Dodged            |    29 |    27 |    39 ||    95
Block: Kite shield       |    42 |    62 |    81 ||   185

Table legend: (Time is in decaauts)
 A = Elapsed time spent in this place.
 B = Non-inter-level travel time spent in this place.
 C = Inter-level travel time spent in this place.
 D = Time resting spent in this place.
 E = Time spent auto-exploring this place.
 F = Levels seen in this place.
 G = Mean time per level.
                   A        B        C        D        E       F      G
               +--------+--------+--------+--------+--------+-----+--------+
         Total |   1999 |   1904 |     95 |      0 |   1244 |   6 |  333.2 |
       Dungeon |   1999 |   1904 |     95 |      0 |   1244 |   6 |  333.2 |
               +--------+--------+--------+--------+--------+-----+--------+

Top non-repeatable levels by time:
     D:5: 773 daAuts
     D:4: 490 daAuts
     D:6: 319 daAuts
     D:2: 183 daAuts
     D:1: 162 daAuts
     D:3: 70 daAuts
